[Event "Titled Tuesday Blitz March 08 Late 2022"]
[White "Nakamura, Hikaru"]
[Black "Dobrov, Vladimir"]
[WhiteFideId "2016192"]
[BlackFideId "4136594"]
[WhiteElo "2850"]
[BlackElo "2614"]
[Result "1/2-1/2"]
[Round "06"]
[TimeControl "180+1"]
[Date "2022.03.08"]
[WhiteClock "0:00:08"]
[BlackClock "0:00:06"]

1. Nf3 d5 2. b3 f6 3. d4 c5 4. e3 Nc6 5. Bb2 cxd4 6. exd4 Bg4 7. Be2 e6 8. Nbd2 Bd6 9. c4 Nge7 10. O-O Qd7 11. Re1 O-O 12. a3 Bh5 13. b4 a6 14. Qb3 Kh8 15. c5 Bc7 16. a4 Rae8 17. b5 Nd8 18. Ba3 Nf7 19. bxa6 bxa6 20. Bxa6 e5 21. Bb5 Nc6 22. Bxc6 Qxc6 23. Qb5 Nd8 24. dxe5 fxe5 25. Bb2 d4 26. Qxc6 Nxc6 27. Ng5 Ba5 28. Nge4 Rb8 29. Ba3 Bg6 30. Red1 h6 31. f3 Bc3 32. Rac1 Bxe4 33. Nxe4 Rb3 34. Nxc3 dxc3 35. Ra1 Nd4 36. Bc1 c2 37. Re1 Rb1 38. Be3 Rfb8 39. Kf2 R8b2 40. Bc1 Rb3 41. Ra2 Rd3 42. c6 Nxc6 43. Rxc2 Nb4 44. Rc8+ Kh7 45. Rxe5 Rd7 46. Rb5 Rxc1 47. Rxc1 Nd3+ 48. Ke3 Nxc1 49. a5 Rd3+ 50. Ke4 Ra3 51. Kd5 Ne2 52. Rc5 Ra2 53. g3 Ng1 54. f4 Nf3 55. h4 Kg6 56. Kc6 Nd4+ 57. Kb6 Rb2+ 58. Ka7 Ra2 59. Kb6 Kf6 60. a6 Rb2+ 61. Ka7 Ra2 62. Kb7 Rb2+ 63. Ka8 Ra2 64. a7 Ke6 65. Kb7 Rb2+ 66. Kc8 Ra2 67. Kb7 Rb2+ 68. Kc8 Ra2 69. Rc7 Nb5 70. Rxg7 Nxa7+ 71. Kb7 Nb5 72. Rg6+ Kf5 73. Rxh6 Nd4 74. Rh5+ Ke4 75. Rg5 Nf5 76. h5 Rg2 77. g4 Ne3 78. h6 Rh2 79. Rh5 Rb2+ 80. Kc8 Rc2+ 81. Kd8 Rd2+ 82. Ke7 Ra2 83. h7 Ra7+ 84. Kf6 Nxg4+ 85. Kg5 Ra5+ 86. Kh4 Rxh5+ 87. Kxh5 Nf6+ 88. Kg6 Nxh7 89. f5 Kf4 90. Kxh7 Kxf5 1/2-1/2


[Site "https://www.chess.com"]

[Event "Titled Tuesday Blitz March 08 Late 2022"]
[White "Nikologorsky, Matfei"]
[Black "Rorrer, Grayson"]
[WhiteFideId "24102474"]
[BlackFideId "30944996"]
[WhiteElo "2326"]
[BlackElo "2701"]
[Result "0-1"]
[Round "06"]
[TimeControl "180+1"]
[Date "2022.03.09"]
[WhiteClock "0:00:15"]
[BlackClock "0:01:04"]

1. e4 e5 2. Nf3 Nc6 3. Bb5 a6 4. Ba4 g6 5. O-O Bg7 6. c3 Nge7 7. d4 exd4 8. cxd4 b5 9. Bc2 d6 10. h3 O-O 11. a4 Bb7 12. Nc3 b4 13. Ne2 Na5 14. Be3 Rc8 15. Ng3 c5 16. Rc1 Nc4 17. Bb3 Nxe3 18. fxe3 h6 19. Qd3 Kh7 20. Nh2 cxd4 21. Rxc8 Bxc8 22. exd4 Qb6 23. Ne2 f5 24. Kh1 fxe4 25. Qxe4 Nf5 26. Nf3 Bd7 27. Nf4 Ng3+ 0-1


[Site "https://www.chess.com"]

[Event "Titled Tuesday Blitz March 08 Late 2022"]
[White "Ozates, Tuna"]
[Black "Csonka, Balazs"]
[WhiteFideId "6354521"]
[BlackFideId "742910"]
[WhiteElo "1887"]
[BlackElo "2404"]
[Result "0-1"]
[Round "06"]
[TimeControl "180+1"]
[Date "2022.03.09"]
[WhiteClock "0:00:13"]
[BlackClock "0:00:04"]

1. Nf3 Nf6 2. c4 b6 3. g3 Bb7 4. Bg2 e6 5. O-O Be7 6. Nc3 O-O 7. Re1 d5 8. cxd5 Nxd5 9. e4 Nxc3 10. bxc3 Nc6 11. d4 Na5 12. Ne5 Bd6 13. Qg4 Qe7 14. Bh6 f6 15. Nd3 e5 16. Rad1 Bc8 17. Qh5 gxh6 18. f4 Qg7 19. Bf3 Nc4 20. f5 Bd7 21. Nf2 Be8 22. Qh3 Kh8 23. Ng4 h5 24. Nf2 Qg5 25. Rd3 Bf7 26. Qf1 Nd2 27. Qe2 Nxf3+ 28. Qxf3 Rae8 29. d5 Bc5 30. Kg2 Bxf2 31. Qxf2 h4 32. Kh1 Rg8 33. gxh4 Qf4 34. Rf3 Qh6 35. c4 Rg7 36. Rg1 Rxg1+ 37. Qxg1 Qxh4 38. Qe3 Rg8 39. Rh3 Qg5 40. Qxg5 Rxg5 41. Ra3 a5 42. c5 bxc5 43. Rxa5 Rg4 44. Ra4 Bxd5 45. h3 Rxe4 46. Rxe4 Bxe4+ 47. Kg1 Bxf5 48. a4 Be6 49. a5 Bd5 50. Kf2 Kg7 51. Kg3 Kf7 52. Kg4 Kg6 53. a6 h5+ 54. Kh4 Kf5 55. a7 Ba8 56. Kxh5 c4 57. Kh6 c3 58. h4 c2 59. h5 c1=Q+ 60. Kg7 Qg5+ 61. Kf7 Qxh5+ 62. Ke7 Qe2 63. Kd7 Qc4 64. Kc8 Qc6 65. Kd8 Qb7 66. Kd7 c5+ 67. Kd6 c4 68. Kc5 c3 69. Kc4 Qc7+ 70. Kd3 c2 71. Ke2 Ke6 72. Kd3 f5 73. Ke2 Qxa7 74. Kd2 Qc7 75. Kd3 e4+ 76. Ke2 Ke5 77. Kf2 c1=Q 78. Kg3 Q1c6 79. Kh4 Qg6 0-1


[Site "https://www.chess.com"]

[Event "Titled Tuesday Blitz March 08 Late 2022"]
[White "P., Komal Kishore"]
[Black "Nayem, Haque"]
[WhiteFideId "5016703"]
[BlackFideId "10217754"]
[WhiteElo "2146"]
[BlackElo "1982"]
[Result "1-0"]
[Round "06"]
[TimeControl "180+1"]
[Date "2022.03.09"]
[WhiteClock "0:00:50"]
[BlackClock "0:00:47"]

1. e4 c6 2. d4 d5 3. Nc3 dxe4 4. Nxe4 Nf6 5. Nxf6+ exf6 6. Nf3 Bd6 7. Bd3 O-O 8. Be3 Nd7 9. c3 Re8 10. Qc2 Nf8 11. O-O-O Bg4 12. Kb1 Qc7 13. h3 Bxf3 14. gxf3 Bf4 15. Be4 g6 16. Rde1 f5 17. Bd3 Nd7 18. h4 h5 19. Rhg1 Bxe3 20. fxe3 Kf8 21. e4 fxe4 22. fxe4 Qf4 23. Ref1 Qxh4 24. Rxg6 Ke7 25. Rg7 Rf8 26. e5 Rae8 27. Qb3 Kd8 28. Qxb7 Qh3 29. Ba6 Re6 30. a3 c5 31. Rfxf7 Rxf7 32. Rxf7 Rb6 33. Qc8# 1-0


[Site "https://www.chess.com"]

[Event "Titled Tuesday Blitz March 08 Late 2022"]
[White "Papasimakopoulos, Alexandros"]
[Black "Paravyan, David"]
[WhiteFideId "4244125"]
[BlackFideId "4194985"]
[WhiteElo "2340"]
[BlackElo "2569"]
[Result "1/2-1/2"]
[Round "06"]
[TimeControl "180+1"]
[Date "2022.03.08"]
[WhiteClock "0:00:29"]
[BlackClock "0:00:13"]

1. d4 Nf6 2. c4 g6 3. Nc3 d5 4. Nf3 Bg7 5. Qb3 dxc4 6. Qxc4 O-O 7. e4 a6 8. Be2 b5 9. Qb3 c5 10. dxc5 Be6 11. Qc2 Nbd7 12. c6 Nb8 13. a3 Nxc6 14. Nxb5 axb5 15. Qxc6 b4 16. O-O Qc8 17. Nd4 bxa3 18. Rxa3 Rxa3 19. bxa3 Bd7 20. Qxc8 Rxc8 21. Bb5 Bxb5 22. Nxb5 Nxe4 23. Be3 Nc3 24. Nxc3 Rxc3 25. Rc1 Rxa3 26. Rc8+ Bf8 27. g3 Kg7 28. Kg2 Ra6 29. Bh6+ Kxh6 30. Rxf8 Kg7 31. Rb8 g5 32. Rb4 Kg6 33. h4 h6 34. hxg5 hxg5 35. Rb8 Rd6 36. Rg8+ Kf6 37. Re8 Rd3 38. Ra8 Rd7 39. Ra6+ Kf5 40. Ra5+ Kg6 41. Ra6+ e6 42. Ra5 Kf6 43. Ra4 Rd5 44. Ra2 Kg6 45. Ra7 Rf5 46. Ra8 Re5 47. Rg8+ Kh7 48. Rf8 Kg7 49. Ra8 Rf5 50. Ra7 Rd5 51. Rb7 Kg6 52. Ra7 Rd2 53. Ra8 Rd3 54. Rg8+ Kf6 55. Ra8 Rd5 56. Ra7 Kg6 57. Rb7 f6 58. Ra7 Kf5 59. Rb7 Rd2 60. Rb5+ e5 61. Rb6 e4 62. Rb3 Kg4 63. Re3 f5 64. Re1 Ra2 65. Re3 Ra1 66. Re2 Ra3 67. Re1 Ra4 68. Re2 Ra6 69. Re1 Ra2 70. Re3 Rc2 71. Re1 Rc3 72. Re2 Rf3 73. Re1 Kh5 74. Rh1+ Kg6 75. Ra1 Rc3 76. Ra6+ Kh5 77. Ra2 Rd3 78. Re2 Ra3 79. Re1 Ra2 80. Re3 Rc2 81. Re1 Rc4 82. Re3 Kg6 83. Re1 Kf6 84. Ra1 Rd4 85. Ra6+ Ke5 86. Ra5+ Rd5 87. Ra2 f4 88. gxf4+ gxf4 89. Rb2 Kf5 90. Ra2 Kg4 91. f3+ exf3+ 92. Kf2 Rh5 93. Ra8 Rh2+ 94. Kf1 Rh5 95. Rg8+ Rg5 96. Ra8 Kg3 97. Rb8 Rg6 98. Rc8 Rg4 99. Rb8 Rg5 100. Rc8 Kg4 101. Kf2 Rg6 102. Rd8 Rg7 103. Rf8 Rc7 104. Rg8+ Kf5 105. Rf8+ Ke4 106. Re8+ Kf5 107. Rf8+ Ke4 108. Re8+ Kf5 109. Kxf3 Rc3+ 110. Kf2 Rc2+ 111. Kf3 Rc3+ 112. Kf2 Ra3 113. Rf8+ Kg4 114. Rg8+ Kf5 115. Rf8+ Ke4 116. Re8+ Kf5 117. Rf8+ 1/2-1/2


[Site "https://www.chess.com"]

[Event "Titled Tuesday Blitz March 08 Late 2022"]
[White "Pichot, Alan"]
[Black "Mogranzini, Roberto"]
[WhiteFideId "110973"]
[BlackFideId "810894"]
[WhiteElo "2579"]
[BlackElo "2469"]
[Result "1-0"]
[Round "06"]
[TimeControl "180+1"]
[Date "2022.03.08"]
[WhiteClock "0:00:08"]
[BlackClock "0:00:02"]

1. d4 Nf6 2. Nf3 d6 3. c4 g6 4. Nc3 Bf5 5. Bg5 Bg7 6. e3 O-O 7. Be2 c6 8. O-O Nbd7 9. Qb3 Rb8 10. Rfd1 Re8 11. h3 h6 12. Bf4 g5 13. Bh2 Ne4 14. Bd3 Ndf6 15. Qc2 Nxc3 16. Qxc3 Qd7 17. b4 Rbc8 18. a4 Be4 19. Bxe4 Nxe4 20. Qc2 d5 21. Rac1 Nd6 22. Nd2 Qe6 23. Qb3 Ne4 24. Nxe4 Qxe4 25. b5 Bf6 26. a5 dxc4 27. Rxc4 cxb5 28. Qxb5 a6 29. Qa4 Rxc4 30. Qxc4 Rd8 31. Bg3 Rd5 32. Qc8+ Kg7 33. Qxb7 Rxd4 34. Qxe4 Rxe4 35. Rd8 Ra4 36. Bc7 Bc3 37. Rd5 Rc4 38. Bb6 e6 39. Rd7 Ra4 40. Rc7 Bxa5 41. Bxa5 Rxa5 42. Ra7 Ra2 43. g4 a5 44. Kg2 a4 45. Kg3 a3 46. Ra6 Ra1 47. Ra7 Kf6 48. Kg2 a2 49. Ra6 Ke5 50. Ra7 f5 51. gxf5 exf5 52. Ra5+ Ke4 53. Ra8 Kd3 54. Rd8+ Ke2 55. Ra8 h5 56. Ra5 h4 57. Ra8 Kd3 58. Ra3+ Ke4 59. Ra4+ Ke5 60. Ra5+ Kf6 61. Ra6+ Ke5 62. Ra4 g4 63. hxg4 fxg4 64. Ra5+ Ke4 65. Ra4+ Kd3 66. e4 Re1 67. Rxa2 Rxe4 68. Ra3+ Kd4 69. Ra4+ Ke5 70. Ra5+ Kf4 71. Ra8 h3+ 72. Kh2 Re2 73. Rf8+ Kg5 74. Kg3 1-0


[Site "https://www.chess.com"]

[Event "Titled Tuesday Blitz March 08 Late 2022"]
[White "Pinheiro, Iung Alicio de O."]
[Black "Mickiewicz, Piotr"]
[WhiteFideId "2104350"]
[BlackFideId "1114891"]
[WhiteElo "2617"]
[BlackElo "2451"]
[Result "1-0"]
[Round "06"]
[TimeControl "180+1"]
[Date "2022.03.09"]
[WhiteClock "0:00:24"]
[BlackClock "0:00:25"]

1. c4 Nf6 2. g3 c6 3. Nf3 d5 4. Bg2 Bf5 5. cxd5 cxd5 6. Qb3 Qb6 7. Qxb6 axb6 8. Nc3 Na6 9. Nb5 Bd7 10. Nc3 Rc8 11. d3 e6 12. a3 b5 13. Bd2 b4 14. axb4 Nxb4 15. O-O Bd6 16. Nd4 O-O 17. Ncb5 Be7 18. f4 Nc2 19. Rac1 Bc5 20. Rxc2 Bxb5 21. Rxc5 Rxc5 22. Bb4 Rfc8 23. Bxc5 Rxc5 24. Ra1 Be8 25. Kf2 Kf8 26. Ke1 b6 27. Ra7 Ra5 28. Rb7 Ra6 29. Kd2 h5 30. Bf3 g6 31. h3 Nd7 32. b4 Ra8 33. g4 hxg4 34. hxg4 Nb8 35. Rxb6 Ra2+ 36. Ke3 Rb2 37. Rxb8 Ke7 38. g5 Kd6 39. Bg4 Bd7 40. Nf3 Kc7 41. Rf8 1-0


[Site "https://www.chess.com"]

[Event "Titled Tuesday Blitz March 08 Late 2022"]
[White "Praggnanandhaa R"]
[Black "Svane, Rasmus"]
[WhiteFideId "25059530"]
[BlackFideId "4657101"]
[WhiteElo "2599"]
[BlackElo "2645"]
[Result "1-0"]
[Round "06"]
[TimeControl "180+1"]
[Date "2022.03.08"]
[WhiteClock "0:00:09"]
[BlackClock "0:00:03"]

1. Nc3 d5 2. d3 d4 3. Ne4 e5 4. Nf3 Nc6 5. e3 dxe3 6. Bxe3 Nf6 7. Bg5 Be7 8. Bxf6 Bxf6 9. g3 O-O 10. Bg2 Be7 11. O-O Bg4 12. Re1 Qd7 13. Ned2 Bd6 14. Nc4 Rfe8 15. Qd2 Rad8 16. a3 f6 17. Ne3 Be6 18. b4 a6 19. Qc3 Bf8 20. Nd2 Nb8 21. Nb3 b6 22. Rad1 Qf7 23. d4 Bd6 24. d5 Bc8 25. Nc4 Bb7 26. a4 Bf8 27. Ne3 Kh8 28. a5 Rc8 29. Qd2 Red8 30. c4 Qe7 31. c5 Qf7 32. Qc3 bxc5 33. bxc5 c6 34. d6 Nd7 35. Nc4 Rb8 36. Nb6 Qe6 37. h4 Qf7 38. Bh3 Bc8 39. Bf1 Nxb6 40. axb6 Be6 41. Na5 Bd5 42. Bg2 h6 43. Qd3 Bxd6 44. cxd6 Rxb6 45. Qe3 Rb5 46. Nxc6 Rxd6 47. Na7 Rb7 48. Nc8 Rd8 49. Qc5 Rbd7 50. Nb6 Bxg2 51. Rxd7 Rxd7 52. Nxd7 Bf3 53. Qf8+ Qxf8 54. Nxf8 a5 55. Nd7 a4 56. Nc5 Bc6 57. Ra1 Kh7 58. Nxa4 1-0


[Site "https://www.chess.com"]

[Event "Titled Tuesday Blitz March 08 Late 2022"]
[White "Prohorov, Olexandr"]
[Black "Martinez Reyes, Pedro Ramon"]
[WhiteFideId "14105578"]
[BlackFideId "3901807"]
[WhiteElo "1993"]
[BlackElo "2410"]
[Result "0-1"]
[Round "06"]
[TimeControl "180+1"]
[Date "2022.03.09"]
[WhiteClock "0:00:10"]
[BlackClock "0:02:03"]

1. e4 c5 2. c3 Qa5 3. Na3 Nf6 4. e5 Nd5 5. Nf3 e6 6. Nc4 Qc7 7. d4 cxd4 8. cxd4 b5 9. Ne3 Bb7 10. a3 b4 11. Bd2 bxa3 12. bxa3 Nxe3 13. fxe3 Be7 14. Bd3 O-O 15. O-O f5 16. exf6 Bxf6 17. Rc1 Nc6 18. Qb3 Rab8 19. Kh1 Ba8 20. Qa2 Qd6 21. Be1 Qe7 22. Bg3 Rb6 23. a4 Nb4 24. Qd2 Nxd3 25. Qxd3 Bb7 26. a5 Ba6 27. Qe4 d5 28. Qg4 Rb7 29. Rfe1 Bc4 30. e4 dxe4 31. Rxc4 exf3 32. Qxf3 Qd7 33. Qe4 Qd5 34. a6 Qxe4 35. Rxe4 Rb1+ 36. Re1 Rxe1+ 37. Bxe1 Rd8 38. Bf2 Rd6 39. Ra4 Kf7 40. g3 Rd5 41. Kg2 Bd8 42. Kf3 Bb6 43. Ke4 Ke7 44. g4 Kd7 45. h4 Kc6 46. Bg3 Kb5 47. Ra2 Rxd4+ 48. Ke5 Rxg4 49. Be1 Rg1 50. Bd2 Rg2 51. Rb2+ Kc6 52. Kxe6 Rf2 53. Bc3 Rf4 54. h5 Rc4 55. Bxg7 Rh4 56. h6 Rg4 57. Kf7 Ra4 58. Rc2+ Kd7 59. Kg8 Be3 60. Kxh7 Rxa6 61. Rc3 Re6 62. Rd3+ Ke8 63. Kg8 Bxh6 64. Bxh6 Rxh6 65. Ra3 a6 66. Kg7 Rb6 67. Ra5 Kd7 68. Kf7 Kc7 69. Ke7 Kb7 70. Kd7 Rb1 71. Ra3 Rd1+ 72. Ke6 Kb6 73. Ke5 a5 74. Rc3 Kb5 75. Rc8 a4 76. Rb8+ Kc4 77. Ke4 Re1+ 78. Kf3 a3 79. Rc8+ Kb3 80. Ra8 Kb2 81. Rb8+ Ka1 82. Ra8 a2 83. Rb8 Rb1 84. Ra8 Kb2 85. Rb8+ Kc2 0-1


[Site "https://www.chess.com"]

[Event "Titled Tuesday Blitz March 08 Late 2022"]
[White "Qashashvili, Alexandre"]
[Black "Mangialardo, Tiago Carvalho"]
[WhiteFideId "13600842"]
[BlackFideId "2130718"]
[WhiteElo "2316"]
[BlackElo "2092"]
[Result "1-0"]
[Round "06"]
[TimeControl "180+1"]
[Date "2022.03.09"]
[WhiteClock "0:01:14"]
[BlackClock "0:00:02"]

1. e4 e5 2. Nf3 Nc6 3. Nc3 Nf6 4. d4 exd4 5. Nxd4 Nxd4 6. Qxd4 d6 7. Bg5 Be7 8. Bc4 O-O 9. O-O h6 10. Bh4 a6 11. a3 b5 12. Ba2 Bb7 13. Rae1 c5 14. Qd1 c4 15. Bg3 Qb6 16. Bxd6 Qxd6 17. Qxd6 Bxd6 18. e5 Be7 19. exf6 Bxf6 20. Nd1 Rad8 21. Re2 Rd7 22. c3 Rfd8 23. Ne3 Rd2 24. Rfe1 Be4 25. Nf1 Rxe2 26. Rxe2 Bd3 27. Re1 Bf5 28. Bb1 Bxb1 29. Rxb1 Rd2 30. Nxd2 Bg5 31. Ne4 1-0


[Site "https://www.chess.com"]

[Event "Titled Tuesday Blitz March 08 Late 2022"]
[White "Rangel, Daniel"]
[Black "Butti, Enrique"]
[WhiteFideId "2124475"]
[BlackFideId "3700470"]
[WhiteElo "2225"]
[BlackElo "2080"]
[Result "1-0"]
[Round "06"]
[TimeControl "180+1"]
[Date "2022.03.09"]
[WhiteClock "0:00:38"]
[BlackClock "0:00:01"]

1. d4 d5 2. Nc3 Nf6 3. Bf4 a6 4. e3 e6 5. Bd3 c5 6. Nf3 Nc6 7. O-O Be7 8. a3 O-O 9. dxc5 Bxc5 10. e4 dxe4 11. Nxe4 Nxe4 12. Bxe4 Qe7 13. b4 Rd8 14. Qe2 Bd6 15. Bg5 f6 16. Bh4 Qf7 17. Rad1 Bc7 18. c4 Bd7 19. c5 Be8 20. Bc2 e5 21. Qe3 Kh8 22. Bg3 Qe7 23. Nh4 Rxd1 24. Rxd1 Rd8 25. Rxd8 Qxd8 26. Nf5 Bg6 27. h4 Nd4 28. Nxd4 exd4 29. Bxc7 Qxc7 30. Qd2 Qe5 31. Bxg6 hxg6 32. g3 Qe4 33. Qf4 Qe1+ 34. Kg2 d3 35. h5 gxh5 36. Qf5 Qe2 37. Qc8+ Kh7 38. Qf5+ Kh6 39. Qf4+ Kg6 40. Qf3 Qxf3+ 41. Kxf3 Kf5 42. Ke3 1-0


[Site "https://www.chess.com"]

[Event "Titled Tuesday Blitz March 08 Late 2022"]
[White "Ronka, Erik"]
[Black "Bellissimo, Joseph F."]
[WhiteFideId "505080"]
[BlackFideId "2609843"]
[WhiteElo "2461"]
[BlackElo "2549"]
[Result "1-0"]
[Round "06"]
[TimeControl "180+1"]
[Date "2022.03.09"]
[WhiteClock "0:01:32"]
[BlackClock "0:02:11"]

1. e4 e6 2. Nc3 d5 3. Nf3 c5 4. exd5 exd5 5. d4 cxd4 6. Nxd4 Nc6 7. Bb5 Bd7 8. O-O Bd6 9. Re1+ Nge7 10. Nxd5 O-O 11. Nxe7+ Nxe7 12. Bxd7 Qxd7 13. Nb5 Bxh2+ 14. Kxh2 Qxb5 15. Rxe7 Rad8 16. Qe2 Qc5 17. Re5 Qd4 18. Re4 Qf6 19. c3 Qg6 20. Bf4 f5 21. Re7 Qf6 22. Qe6+ Kh8 23. Qxf6 Rxf6 24. Rae1 h6 25. Re8+ Rxe8 26. Rxe8+ Kh7 27. Re7 Rb6 28. b3 Ra6 29. Be5 Rxa2 30. Rxg7+ Kh8 31. Rxb7+ Kg8 32. c4 Rxf2 33. Rxa7 f4 34. Kg1 Rb2 35. Bxf4 Rxb3 36. Bxh6 Rc3 37. Rc7 Rc2 38. c5 Kh8 39. c6 Kg8 40. Bf4 Rc4 41. Rc8+ Kf7 42. c7 Rxf4 43. Ra8 Rc4 44. c8=Q Rxc8 45. Rxc8 Kg6 46. Kf2 Kg5 47. Kg3 Kg6 48. Kf4 Kh7 49. Kg5 Kg7 50. Rc7+ Kh8 51. Kg6 1-0


[Site "https://www.chess.com"]

[Event "Titled Tuesday Blitz March 08 Late 2022"]
[White "Rostovtsev, Dmitry"]
[Black "Tari, Aryan"]
[WhiteFideId "34278320"]
[BlackFideId "1510045"]
[WhiteElo "2359"]
[BlackElo "2567"]
[Result "1/2-1/2"]
[Round "06"]
[TimeControl "180+1"]
[Date "2022.03.08"]
[WhiteClock "0:00:06"]
[BlackClock "0:00:06"]

1. e4 c6 2. Nc3 d5 3. Nf3 Bg4 4. h3 Bxf3 5. Qxf3 e6 6. d3 Nf6 7. g3 Bc5 8. Bg2 O-O 9. O-O a5 10. Rd1 a4 11. a3 Nbd7 12. d4 dxe4 13. Nxe4 Be7 14. c3 Nd5 15. Qe2 b5 16. h4 h6 17. h5 Qc7 18. Nd2 N7f6 19. Nf1 c5 20. Ne3 c4 21. Nxd5 exd5 22. Bf4 Bd6 23. Bxd6 Qxd6 24. Re1 Rae8 25. Qf3 Re6 26. Bh3 Re4 27. Bf5 Re7 28. Rxe7 Qxe7 29. g4 Re8 30. Kf1 Ne4 31. Bxe4 Qxe4 32. Qxe4 Rxe4 33. f3 Re3 34. Kf2 Rd3 35. Re1 f5 36. gxf5 Kf7 37. Ke2 Kf6 38. Rg1 b4 39. axb4 a3 40. bxa3 Rxc3 41. Rg6+ Kxf5 42. Rxg7 Rxa3 43. Rf7+ Kg5 44. Rd7 Kf4 45. Rf7+ Kg5 46. Rd7 Kf4 47. Rxd5 Ra2+ 48. Kd1 Ke3 49. Rc5 Kd3 50. Kc1 c3 51. Kb1 Rb2+ 52. Ka1 Rxb4 53. d5 c2 54. d6 Ra4+ 55. Kb2 Rb4+ 56. Ka2 Kd2 57. d7 Rd4 58. Kb2 Rxd7 59. Rxc2+ Ke3 60. Rc6 Kxf3 61. Rxh6 Kg4 62. Rh8 Kg5 63. h6 Kg6 64. Kc3 Rh7 65. Rxh7 Kxh7 66. Kd4 Kxh6 1/2-1/2


[Site "https://www.chess.com"]

[Event "Titled Tuesday Blitz March 08 Late 2022"]
[White "Salimova, Nurgyul"]
[Black "Derige Kane, Yan"]
[WhiteFideId "2915138"]
[BlackFideId "20665431"]
[WhiteElo "2651"]
[BlackElo "2475"]
[Result "1-0"]
[Round "06"]
[TimeControl "180+1"]
[Date "2022.03.09"]
[WhiteClock "0:00:58"]
[BlackClock "0:00:09"]

1. e4 c5 2. Nf3 Nc6 3. Bb5 e6 4. O-O Nge7 5. Re1 a6 6. Bf1 Ng6 7. c3 Be7 8. d4 cxd4 9. cxd4 d5 10. e5 O-O 11. Nc3 Bd7 12. g3 Rc8 13. h4 f6 14. h5 Nh8 15. h6 g6 16. exf6 Bxf6 17. Bf4 Nf7 18. Bh3 Re8 19. Qd2 Na5 20. b3 Nc6 21. Re2 Qa5 22. Rae1 Nxd4 23. Nxd4 Qxc3 24. Qxc3 Rxc3 25. Bxe6 Bxe6 26. Rxe6 Rxe6 27. Rxe6 Nxh6 28. Rxf6 Ng4 29. Rd6 Rd3 30. Rxd5 Nf6 31. Rd8+ Kf7 32. Nc6 Rc3 33. Ne5+ Ke6 34. Nc4 b5 35. Rd6+ Kf5 36. Rxf6+ 1-0


[Site "https://www.chess.com"]

[Event "Titled Tuesday Blitz March 08 Late 2022"]
[White "Sanal, Vahap"]
[Black "Mirzoev, Azer"]
[WhiteFideId "6300545"]
[BlackFideId "13400304"]
[WhiteElo "2603"]
[BlackElo "2525"]
[Result "1/2-1/2"]
[Round "06"]
[TimeControl "180+1"]
[Date "2022.03.08"]
[WhiteClock "0:00:34"]
[BlackClock "0:00:05"]

1. e4 e5 2. Nf3 Nc6 3. Bb5 a6 4. Ba4 d6 5. d4 Bd7 6. O-O Nf6 7. Re1 Be7 8. Bxc6 Bxc6 9. dxe5 dxe5 10. Qxd8+ Rxd8 11. Nxe5 Bxe4 12. Nc3 Bxc2 13. Bg5 h6 14. Bh4 g5 15. Bg3 Kf8 16. Nc4 Rd7 17. Be5 Rg8 18. Ne3 Bg6 19. Rac1 c6 20. Na4 Nd5 21. Ng4 Bd3 22. Nxh6 Rg6 23. Ng4 Re6 24. Nc3 Nxc3 25. Bxc3 Bf5 26. Ne5 Rd5 27. g4 Bh7 28. f3 Bf6 29. Nc4 Rxe1+ 30. Rxe1 Bxc3 31. bxc3 b5 32. Ne3 Rd3 33. c4 b4 34. h4 gxh4 35. Kh2 Rd2+ 36. Kh3 Rxa2 37. f4 Bd3 38. Rd1 Ra3 39. Re1 a5 40. Kxh4 b3 41. Nf1 b2 42. Nd2 Ra1 43. Re3 b1=Q 44. Nxb1 Bxb1 45. f5 a4 46. Kg5 Ra2 47. Kf6 Rg2 48. g5 Rf2 49. Ke5 Rxf5+ 50. Kd6 Rxg5 51. Re1 Bc2 52. c5 Bb3 53. Ra1 Rd5+ 54. Kxc6 Rd2 55. Kb6 Rc2 56. c6 Ke7 57. Re1+ Be6 58. Rd1 Rc4 59. Kb5 Rc2 60. Ra1 Bb3 61. Re1+ Kd6 62. Rd1+ Ke6 63. Kb6 Ke5 64. Re1+ Kd4 65. c7 f5 66. Rf1 Ke4 67. Re1+ Kd4 68. Rh1 Ke4 69. Rh4+ f4 70. Rh3 f3 71. Rh8 Ke3 72. Re8+ Kf2 73. c8=Q Rxc8 74. Rxc8 Ke2 75. Re8+ Kd2 76. Rf8 Ke2 77. Re8+ Kd2 78. Kc5 f2 79. Rd8+ Ke2 80. Re8+ Kd2 81. Rf8 Ke2 82. Re8+ Kd2 1/2-1/2


[Site "https://www.chess.com"]

[Event "Titled Tuesday Blitz March 08 Late 2022"]
[White "Shuvalova, Polina"]
[Black "Maghsoodloo, Parham"]
[WhiteFideId "24171760"]
[BlackFideId "12539929"]
[WhiteElo "2355"]
[BlackElo "2630"]
[Result "0-1"]
[Round "06"]
[TimeControl "180+1"]
[Date "2022.03.08"]
[WhiteClock "0:00:08"]
[BlackClock "0:01:20"]

1. d4 Nf6 2. Nf3 g6 3. c4 Bg7 4. Nc3 d5 5. cxd5 Nxd5 6. e4 Nxc3 7. bxc3 O-O 8. Be2 Bg4 9. O-O Nd7 10. Rb1 Rb8 11. e5 c5 12. h3 Bf5 13. Bd3 Bxd3 14. Qxd3 cxd4 15. e6 Ne5 16. exf7+ Rxf7 17. Nxe5 Bxe5 18. cxd4 Bxd4 19. Be3 e5 20. Qc4 Rc8 21. Qe6 Rc6 22. Qb3 Kg7 23. Rfd1 Qf6 24. Bxd4 exd4 25. Rd2 Rd6 26. Rbd1 Rfd7 27. Rd3 a6 28. a4 Qe5 29. Qc4 b5 30. axb5 axb5 31. Qc8 Rf7 32. Qb8 Qc5 33. R1d2 b4 34. g3 Rb6 35. Qd8 b3 36. Rd1 b2 37. Rb1 Rb4 38. Kg2 Qc2 39. Rf3 Qe4 0-1


[Site "https://www.chess.com"]

[Event "Titled Tuesday Blitz March 08 Late 2022"]
[White "Silva, Miguel Antonio Neto"]
[Black "Pavlidou, Ekaterini"]
[WhiteFideId "1911929"]
[BlackFideId "4213262"]
[WhiteElo "2204"]
[BlackElo "2127"]
[Result "1/2-1/2"]
[Round "06"]
[TimeControl "180+1"]
[Date "2022.03.09"]
[WhiteClock "0:00:19"]
[BlackClock "0:00:22"]

1. Nf3 c6 2. d4 d5 3. c4 Nf6 4. e3 Bg4 5. Qb3 Qb6 6. Nh4 e6 7. h3 Bh5 8. Nc3 Nbd7 9. g4 Bg6 10. Nxg6 hxg6 11. Bg2 Bb4 12. Bd2 g5 13. a3 Bxc3 14. Qxc3 Qa6 15. c5 b6 16. cxb6 axb6 17. Rc1 O-O 18. Bf1 Qa7 19. Qxc6 Ne4 20. Bb4 Rfc8 21. Qxc8+ Rxc8 22. Rxc8+ Kh7 23. Bd3 Nf6 24. Ke2 Qd7 25. Rhc1 e5 26. dxe5 Nxg4 27. Bxe4+ dxe4 28. hxg4 Qxg4+ 29. Ke1 Qg1+ 30. Ke2 Qg4+ 31. Kd2 Qd7+ 32. Ke1 Qg4 33. R1c2 Qg1+ 34. Ke2 Qg4+ 35. Kd2 Qf5 36. Kc1 g4 37. R8c7 g3 38. fxg3 Qf1+ 39. Kd2 Qd3+ 40. Kc1 Qf1+ 41. Kd2 Qd3+ 42. Ke1 Qxe3+ 43. Kd1 Qd3+ 44. Rd2 Qf1+ 45. Kc2 e3 46. Rd1 e2 47. Re1 Qf5+ 48. Kd2 Qxe5 49. Rc3 Qd4+ 50. Kxe2 Qe4+ 51. Kd2 Qd4+ 52. Kc2 Qf2+ 53. Kd1 Qxb2 54. Rc2 Qb1+ 55. Kd2 Qb3 56. Rh1+ Kg6 57. Rg1 f6 58. g4 Qd5+ 59. Kc1 Qd4 60. Rd1 Qa1+ 61. Kd2 Qd4+ 62. Kc1 Qa1+ 63. Kd2 Qd4+ 64. Ke1 Qe3+ 65. Re2 Qg1+ 66. Kd2 Qd4+ 67. Kc2 Qc4+ 68. Kd2 Qd4+ 69. Ke1 Qg1+ 70. Kd2 Qd4+ 1/2-1/2


[Site "https://www.chess.com"]

[Event "Titled Tuesday Blitz March 08 Late 2022"]
[White "Suarez Uriel, Adrian"]
[Black "Maze, Sebastien"]
[WhiteFideId "22230874"]
[BlackFideId "613762"]
[WhiteElo "2493"]
[BlackElo "2662"]
[Result "1-0"]
[Round "06"]
[TimeControl "180+1"]
[Date "2022.03.09"]
[WhiteClock "0:00:10"]
[BlackClock "0:00:05"]

1. e4 c5 2. Ne2 Nc6 3. d4 cxd4 4. Nxd4 g6 5. c4 Bg7 6. Be3 Nf6 7. Nc3 d6 8. Be2 O-O 9. f3 Bd7 10. Qd2 Nxd4 11. Bxd4 a5 12. h4 h6 13. O-O-O a4 14. a3 Rc8 15. Kb1 Re8 16. g4 Qa5 17. g5 Nh5 18. Bxg7 Kxg7 19. Rhg1 hxg5 20. Rxg5 Rc5 21. Rdg1 Be6 22. f4 Rh8 23. f5 Bd7 24. fxg6 f6 25. R5g2 Be6 26. Bxh5 Rcxh5 27. Nd5 Qxd2 28. Rxd2 Bxd5 29. exd5 Re5 30. Rg4 f5 31. Rf4 Kxg6 32. Kc2 Re4 33. Rxe4 fxe4 34. Rg2+ Kf5 35. Rg7 Rxh4 36. Rxe7 Kf4 37. Rxb7 Ke3 38. Kc3 Rh3 39. Rd7 Kf4+ 40. Kc2 Ke5 41. Re7+ Kd4 42. c5 dxc5 43. d6 Rh2+ 44. Kb1 Rh6 45. d7 Rd6 46. Kc2 c4 47. Kd2 Rd5 48. Ke2 Rd6 49. Kd2 Kd5 50. Ke3 Kc5 51. Kxe4 Kc6 52. Ke5 Rxd7 53. Rxd7 Kxd7 54. Kd4 c3 55. Kxc3 Kc6 56. Kb4 1-0


[Site "https://www.chess.com"]